 Dungeon Crawl Stone Soup version 0.27-a0-660-g90476cec82 (webtiles) character file.

Game seed: 11258562331365609157

23 theanonym the Vexing (level 2, 0/20 HPs)
             Began as a Mummy Enchanter on Mar 17, 2021.
             Slain by a hobgoblin
             ... wielding a +0 club
              (4 damage)
             ... on level 1 of the Dungeon.
             The game lasted 00:01:18 (1717 turns).

theanonym the Vexing (Mummy Enchanter)              Turns: 1717, Time: 00:01:18

Health: 0/20       AC:  2    Str: 11    XL:     2   Next: 72%
Magic:  5/5        EV:  9    Int: 14    God:
Gold:   24         SH:  6    Dex: 12    Spells: 5/6 levels left

rFire    . . .     SeeInvis .   a - +1 dagger
rCold    + . .     Faith    .   f - +0 kite shield
rNeg     + + +     Spirit   .   b - +0 robe
rPois    ∞         Reflect  .   (no helmet)
rElec    .         Harm     .   (no cloak)
rCorr    .         Rampage  .   (no gloves)
Will     .....                  (no boots)
Stlth    ++........             (no amulet)
HPRegen  0.06/turn              h - ring of protection from fire
MPRegen  0.09/turn              (no ring)

@: no status effects
A: cold resistance 1, negative energy resistance 3, torment resistance 2,
unbreathing 1, heat vulnerability 1, no potions
a: no special abilities


Innate Abilities, Weirdness & Mutations

You are immune to poison.
Your flesh is cold resistant. (rC+)
You are immune to negative energy. (rN+++)
You are immune to unholy pain and torment.
You can survive without breathing.
You are vulnerable to heat. (rF-)
You do not drink.


   Skills:
 - Level 0.8 Fighting
 - Level 0.7 Short Blades
 + Level 1.7 Maces & Flails
 - Level 1.5 Dodging
 - Level 2.4 Stealth
 - Level 2.6 Spellcasting
 - Level 2.6 Hexes


You had 5 spell levels left.
You knew the following spells:

 Your Spells              Type           Power      Damage    Failure   Level
a - Corona                Hex            10%        N/A       45%         1

Your spell library contained the following spells:

 Spells                   Type           Power      Damage    Failure   Level
 Ensorcelled Hibernation  Hex/Ice        10%        N/A       80%         2
 Confusing Touch          Hex            9%         N/A       83%         3
 Tukima's Dance           Hex            9%         N/A       83%         3
 Dazzling Flash           Conj/Hex       10%        N/A       95%         3

Skill      XL: |  1 |
---------------+----+-----
Maces & Flails | 1 |  1.7
Fighting       | |  0.8
Short Blades   | |  0.7
Dodging        | |  1.5
Stealth        | |  2.4
Spellcasting   | |  2.6
Hexes          | |  2.6

Action                   || total
-------------------------++-------
Melee: Dagger            ||    74
 Stab: Sleeping          ||     1
Armor: Robe              ||    25
Dodge: Dodged            ||    58
Block: Kite shield       ||     6

Inventory:

Hand Weapons
 a - a +1 dagger (weapon)
 i - a +0 mace
Armour
 b - a +0 robe (worn)
 f - a +0 kite shield (worn)
Jewellery
 h - a ring of protection from fire (right hand)
Scrolls
 c - 2 scrolls of magic mapping {unknown}
 e - a scroll of immolation {unknown}
 g - a scroll of identify {unknown}


You were on level 1 of the Dungeon.
You visited 1 branch of the dungeon, and saw 2 of its levels.

You collected 24 gold pieces.

Dungeon Overview and Level Annotations

Branches:
Dungeon (2/15)

Altars:

#.#### #.## ##'## #....#####.#
##...# # ###.##....##.####
##..... ## ##.#.###.#.#.#.#.##
##......
.####....##...........####.......
.'.....#...#.......#.....'.......
.####....##...........####.......
######..####.......#.## ##......
# #........(....@g..##### ##.....
#.###.####...†...#....# ##...#
#.# #.###.........###.# ##+## #)#
#..###.#.#.#.####.# #.# #.#
##.##.#########...## #.#
###.####.##.#########.#..## ##.##
..........................###....
.####.....................##.....
.####.....................###...#


You could see a hobgoblin.

Notes
Turn   | Place    | Note
-------+----------+-------------------------------------------
     0 | D:1      | theanonym the Mummy Enchanter began the quest for the Orb.
     0 | D:1      | Reached XP level 1. HP: 13/13 MP: 4/4
    92 | D:1      | HP: 6/14 [kobold/+0 whip (5)]
   495 | D:1      | Reached skill level 1 in Maces & Flails
   495 | D:1      | Reached XP level 2. HP: 12/20 MP: 5/5
   501 | D:1      | HP: 9/20 [hobgoblin/+0 club (2)]
   507 | D:1      | HP: 5/20 [rat (3)]
  1714 | D:1      | HP: 7/20 [hobgoblin/+0 club (6)]
  1714 | D:1      | HP: 3/20 [hobgoblin/+0 club (4)]
  1717 | D:1      | Slain by a hobgoblin

Vanquished Creatures
  A dart slug (D:1)
  A leopard gecko (D:1)
  4 bats (D:1)
  2 goblins (D:1)
  A hobgoblin (D:1)
  6 frilled lizards (D:1)
  2 kobolds (D:1)
  5 rats (D:1)
22 creatures vanquished.

Vanquished Creatures (others)
  4 plants (D:1)
4 creatures vanquished.

Grand Total: 26 creatures vanquished

Table legend: (Time is in decaauts)
 A = Elapsed time spent in this place.
 B = Non-inter-level travel time spent in this place.
 C = Inter-level travel time spent in this place.
 D = Time resting spent in this place.
 E = Time spent auto-exploring this place.
 F = Levels seen in this place.
 G = Mean time per level.
                   A        B        C        D        E       F      G
               +--------+--------+--------+--------+--------+-----+--------+
         Total |   1719 |   1651 |     68 |    530 |    950 |   2 |  859.5 |
       Dungeon |   1719 |   1651 |     68 |    530 |    950 |   2 |  859.5 |
               +--------+--------+--------+--------+--------+-----+--------+

Top non-repeatable levels by time:
     D:1: 1714 daAuts
     D:2: 5 daAuts
